 Dungeon Crawl Stone Soup version 0.29-a0-275-g389c0b56f3 (webtiles) character file.

Game seed: 11774474691861030918

2222 Dabor the Skirmisher (level 9, -3/75 HPs)
             Began as a Palentonga Fighter on Mar 12, 2022.
             Was a Priest of Cheibriados.
             Slain by an orc warrior
             ... wielding a +0 halberd
              (18 damage)
             ... on level 7 of the Dungeon.
             The game lasted 00:12:35 (5990 turns).

Dabor the Skirmisher (Palentonga Fighter)           Turns: 5990, Time: 00:12:35

Health: -3/75      AC: 27    Str: 31    XL:     9   Next: 13%
Magic:  12/12      EV:  6    Int: 16    God:    Cheibriados [***...]
Gold:   351        SH:  5    Dex: 16    Spells: 8/8 levels left

rFire   . . .      SeeInvis +   x - +2 whip (flame)
rCold   + . .      Faith    .   c - +0 buckler
rNeg    . . .      Spirit   .   q - +0 plate armour
rPois   .          Reflect  .   (no helmet)
rElec   .          Harm     .   p - +2 cloak
rCorr   .          Rampage  .   e - +2 pair of gloves
Will    .....                   (no barding)
Stlth   ..........              (no amulet)
HPRegen 0.22/turn               h - ring of protection from cold
MPRegen 0.13/turn               k - +4 ring of protection

@: curled up, very slow
A: large, rugged brown scales 3, see invisible, deformed body, roll 1, armoured
tail, reflexive curl
a: Rolling Charge, Renounce Religion, Bend Time, Temporal Distortion


You were on level 7 of the Dungeon.
You worshipped Cheibriados.
Cheibriados was most pleased with you.
You visited 1 branch of the dungeon, and saw 7 of its levels.

You collected 351 gold pieces.

Inventory:

Hand Weapons
 a - a +0 war axe
 x - a +2 whip of flaming (weapon)
Armour
 b - a +0 scale mail
 c - a +0 buckler (worn)
 e - a +2 pair of gloves (worn)
 p - a +2 cloak (worn)
 q - a +0 plate armour (worn)
Jewellery
 h - a ring of protection from cold (left hand)
 k - a +4 ring of protection (right hand)
 o - a ring of positive energy
Wands
 u - a wand of polymorph (9)
Scrolls
 f - 3 scrolls of noise {unknown}
 g - a scroll of immolation {unknown}
 i - 4 scrolls of identify {unknown}
 j - 2 scrolls of vulnerability {unknown}
 l - 2 scrolls of magic mapping {unknown}
 r - a scroll of silence {unknown}
 s - a scroll of teleportation {unknown}
 t - 4 scrolls of blinking {unknown}
 y - a scroll of enchant weapon {unknown}
Potions
 d - a potion of invisibility {unknown}
 m - a potion of brilliance {unknown}
 n - 3 potions of curing {unknown}
 v - a potion of cancellation {unknown}
 w - 3 potions of degeneration {unknown}
 z - 2 potions of ambrosia {unknown}
 A - a potion of berserk rage {unknown}


   Skills:
 * Level 6.9 Fighting
 * Level 6.3 Axes
 + Level 4.3 Armour
 + Level 3.2 Dodging
 + Level 4.4 Shields
 + Level 4.0 Invocations


You had 8 spell levels left.
You didn't know any spells.
Your spell library contained the following spells:

 Spells                   Type           Power      Damage    Failure   Level
 Animate Skeleton         Necr           0%         N/A       96%         1
 Foxfire                  Conj/Fire      0%         2x1d4     96%         1
 Pain                     Necr           0%         1d4       96%         1
 Sandblast                Erth           0%         2d4       96%         1
 Passwall                 Tmut/Erth      0%         N/A       99%         2
 Conjure Flame            Conj/Fire      0%         6-21      100%        3
 Inner Flame              Hex/Fire       0%         N/A       100%        3
 Stone Arrow              Conj/Erth      0%         3d7       100%        3
 Vampiric Draining        Necr           0%         2d6       100%        3
 Flame Wave               Conj/Fire      0%         2d4       100%        4
 Freezing Cloud           Conj/Ice/Air   0%         6-21      100%        5
 Summon Forest            Summ/Tloc      0%         N/A       100%        5
 Dispersal                Tloc           0%         N/A       100%        6
 Eringya's Noxious Bog    Tmut/Pois      0%         N/A       100%        6
 Simulacrum               Ice/Necr       0%         N/A       100%        6
 Summon Hydra             Summ           0%         N/A       100%        7
 Disjunction              Tloc           0%         N/A       100%        8
 Polar Vortex             Ice            0%         N/A       100%        9


Dungeon Overview and Level Annotations

Branches:
Dungeon (7/15)
 Temple: D:4-7

Altars:
Cheibriados
Elyvilon
Sif Muna

Shops:
D:5 :


Innate Abilities, Weirdness & Mutations

You are completely covered in rugged brown scales. (AC +3, +7% HP)
You have supernaturally acute eyesight. (SInv)
Armour fits poorly on your strangely shaped body.
You can roll at nearby foes to attack.
You have a long armoured tail.
You curl defensively after being hit. (AC +7*)


Message History

The orc warrior is almost dead.
The orc warrior barely misses you.
You hit the orc warrior but do no damage.
The orc warrior is almost dead.
The orc warrior hits you with a +0 halberd.
You are too injured to fight recklessly!
You are too injured to fight recklessly!
You are too injured to fight recklessly!
You are too injured to fight recklessly!
You are too injured to fight recklessly!
You are too injured to fight recklessly!
You hit the orc warrior but do no damage.
Your tail-slap misses the orc warrior.
The orc warrior is almost dead.
The orc warrior hits you but does no damage.
You closely miss the orc warrior.
The orc warrior is almost dead.
You block the orc warrior's attack.
You hit the orc warrior but do no damage.
The orc warrior is almost dead.
The orc warrior hits you but does no damage.
You hit the orc warrior but do no damage.
You tail-slap the orc warrior, but do no damage.
The orc warrior is almost dead.
The orc warrior hits you with a +0 halberd!
You closely miss the orc warrior.
The orc warrior is almost dead.
The orc warrior hits you with a +0 halberd.
* * * LOW HITPOINT WARNING * * *
You hit the orc warrior but do no damage.
The orc warrior is almost dead.
The orc warrior hits you with a +0 halberd.
* * * LOW HITPOINT WARNING * * *
You barely miss the orc warrior.
The orc warrior is almost dead.
You block the orc warrior's attack.
You hit the orc warrior but do no damage.
The orc warrior is almost dead.
The orc warrior hits you with a +0 halberd!!
You die...

###########
##..........
...........
######..........
..<.............
#....)....... ....#
#....@o...# ......#
#...#.#.#.#
......######(..#...#
...........#...#####
#.........#...#
##.........#...#
...........##.##
#..........##.#
#.....†....##.#


You could see an orc warrior.

Vanquished Creatures
  Pikel (D:5)
  An acid dragon (D:7)
  A sky beast (D:6)
  An ice beast (D:6)
  An ogre (D:4)
  A centaur (D:4)
  2 phantoms
  A necrophage (D:6)
  2 bullfrogs (D:6)
  2 scorpions (D:5)
  2 howler monkeys (D:6)
  A jelly (D:6)
  6 hounds
  A gnoll shaman (D:6)
  3 orc priests
  Jessica (D:3)
  6 orc wizards
  5 iguanas
  4 gnolls
  3 adders
  An ufetubus (D:7)
  2 dart slugs (D:2)
  9 orcs
  8 endoplasms
  4 giant cockroaches
  11 goblins
  2 hobgoblins (D:1)
  11 jackals
  10 kobolds
  4 quokkas
  4 ball pythons
  7 bats
  3 frilled lizards (D:2)
  3 rats
  A bush (D:1)
125 creatures vanquished.

Vanquished Creatures (others)
  A plant (D:1)
1 creature vanquished.

Grand Total: 126 creatures vanquished

Notes
Turn   | Place    | Note
-------+----------+-------------------------------------------
     0 | D:1      | Dabor the Palentonga Fighter began the quest for the Orb.
     0 | D:1      | Reached XP level 1. HP: 19/19 MP: 1/1
   193 | D:1      | Reached XP level 2. HP: 22/25 MP: 2/2
   973 | D:1      | Reached XP level 3. HP: 26/31 MP: 3/3
  1977 | D:2      | Reached XP level 4. HP: 38/38 MP: 4/4
  2505 | D:3      | Found a large runed translucent door.
  2581 | D:3      | Noticed Jessica
  2585 | D:3      | Killed Jessica
  2586 | D:3      | Reached skill level 1 in Dodging
  2680 | D:3      | Found a faded altar of an unknown god.
  2814 | D:3      | Found a large runed translucent door.
  2825 | D:3      | Found a white marble altar of Elyvilon.
  2832 | D:3      | Found a shimmering blue altar of Sif Muna.
  2935 | D:3      | Prayed at the altar of an unknown god.
  2935 | D:3      | Became a worshipper of Cheibriados the Contemplative
  2935 | D:3      | Reached * piety under Cheibriados
  3048 | D:4      | Noticed an ogre
  3054 | D:4      | Killed an ogre
  3055 | D:4      | Reached skill level 1 in Invocations
  3055 | D:4      | Reached XP level 5. HP: 33/44 MP: 5/5
  3177 | D:4      | Reached XP level 6. HP: 40/52 MP: 6/6
  3293 | D:4      | Reached ** piety under Cheibriados
  3599 | D:5      | Entered Level 5 of the Dungeon
  3951 | D:5      | Noticed Pikel
  3972 | D:5      | Killed Pikel
  3973 | D:5      | Reached skill level 5 in Fighting
  3973 | D:5      | Gained mutation: You curl defensively after being hit. (AC
                  | +7*) [Palentonga growth]
  3973 | D:5      | Reached XP level 7. HP: 26/59 MP: 4/8
  4192 | D:5      | Reached skill level 5 in Axes
  4237 | D:5      | Found Asotot's Book Shoppe.
  4271 | D:5      | Reached XP level 8. HP: 55/68 MP: 10/10
  4733 | D:6      | HP: 3/68 [orc priest/divine providence (14)]
  5656 | D:6      | Reached *** piety under Cheibriados
  5657 | D:6      | Reached XP level 9. HP: 72/75 MP: 11/11
  5990 | D:7      | Slain by an orc warrior

Illustrated notes

Levels and vault maps discovered:
D:1:      shiori_shiawase, layout_loops_ring, serial_forest,
          infiniplex_forest_end_3, infiniplex_forest_corner_1,
          infiniplex_forest_clump_double, infiniplex_forest_clump_small,
          infiniplex_forest_straight_2, infiniplex_forest_lined_corner,
          minmay_box_of_dots
D:2:      layout_loops_ring
D:3:      layout_loops_ring, jmf_multi_god_temple2,
          hellmonk_ecumenical_altar_heavens_door, uniq_jessica
D:4:      layout_basic, minmay_misc_feat_chi
D:5:      layout_basic, serial_shops, shop_statue, uniq_pikel
D:6:      minmay_bubble_buster, layout_gridville, kennysheep_flooded_box,
          small_statue_intersection
D:7:      kennysheep_six_static_rooms, layout_basic,
          minmay_temple_entry_statues_fountains, kennysheep_donut,
          corexii_hall_statues_i

Skill      XL: |  1  2  3  4  5  6  7  8  9 |
---------------+----------------------------+-----
Axes           | 3 4 5 6 |  6.3
Dodging        | 1 2 3 |  3.2
Fighting       | 4 5 6 |  6.9
Armour         | 3 4 |  4.3
Shields        | 3 4 |  4.4
Invocations    | 1 2 3 4 |  4.0

Action                   |  1- 3 |  4- 6 |  7- 9 || total
-------------------------+-------+-------+-------++-------
Melee: War axe           |   166 |   121 |       ||   287
       Tailslap          |    22 |     5 |    31 ||    58
       Whip              |       |       |   190 ||   190
Invok: Bend Time         |       |     2 |     1 ||     3
 Abil: Rolling Charge    |       |     5 |     1 ||     6
  Use: Potion            |       |     1 |     3 ||     4
Armor: Scale mail        |    82 |    28 |       ||   110
       Plate armour      |       |   103 |   167 ||   270
Dodge: Dodged            |    42 |    48 |    53 ||   143
Block: Buckler           |    20 |    33 |    40 ||    93

Table legend: (Time is in decaauts)
 A = Elapsed time spent in this place.
 B = Non-inter-level travel time spent in this place.
 C = Inter-level travel time spent in this place.
 D = Time resting spent in this place.
 E = Time spent auto-exploring this place.
 F = Levels seen in this place.
 G = Mean time per level.
                   A        B        C        D        E       F      G
               +--------+--------+--------+--------+--------+-----+--------+
         Total |   6764 |   6604 |    160 |    551 |   4754 |   7 |  966.3 |
       Dungeon |   6764 |   6604 |    160 |    551 |   4754 |   7 |  966.3 |
               +--------+--------+--------+--------+--------+-----+--------+

Top non-repeatable levels by time:
     D:1: 1581 daAuts
     D:6: 1361 daAuts
     D:5: 1028 daAuts
     D:4: 1010 daAuts
     D:2: 866 daAuts
     D:3: 719 daAuts
     D:7: 197 daAuts
